 Dungeon Crawl Stone Soup version 0.14-a0-2964-g8dc6adb (webtiles) character file.

150 Kae the Sneak (level 3, -1/16 HPs)
             Began as a Spriggan Enchanter on Mar 5, 2014.
             Slain by an adder (2 damage)
             ... on Level 2 of the Dungeon.
             The game lasted 00:02:01 (1319 turns).

Kae the Sneak (Spriggan Enchanter)                  Turns: 1319, Time: 00:02:01

HP  -1/16        AC  3     Str  7      XL: 3   Next: 48%
MP   6/9         EV 18     Int 16      God:
Gold 103         SH  0     Dex 14      Spells:  2 memorised,  4 levels left

rFire  . . .     SeeInvis +     b - +1,+2 dagger (venom)
rCold  . . .     Clarity  .     k - +1 robe
rNeg   . . .     Conserve .     (shield restricted)
rPois  .         rCorr    .     (helmet restricted)
rElec  .         rRot     .     (no cloak)
SustAb . .       Spirit   .     (gloves unavailable)
rMut   .         Warding  .     (boots unavailable)
Saprov . . .     Rnd*Tele +     (no amulet)
MR     .....                    (no ring)
                                (no ring)

@: very slightly contaminated, very quick, not resistant to hostile
enchantments, stealthy
A: unfitting armour, see invisible, clumsy 1, herbivore 3, speed 3, sense
surroundings 1, slow metabolism 2, strong 1, teleportitis 1, wild magic 1
a: no special abilities


You were on level 2 of the Dungeon.
You were not hungry.

You visited 1 branch of the dungeon, and saw 2 of its levels.

You collected 103 gold pieces.

Inventory:

Hand weapons
 a - a +1,+1 dagger
 b - a +1,+2 dagger of venom (weapon)
Missiles
 d - 12 darts (quivered)
Armour
 k - a +1 robe (worn)
Comestibles
 g - 2 chokos
 l - a pear
Scrolls
 f - a scroll of remove curse {unknown}
 h - a scroll of magic mapping {unknown}
 i - a scroll of enchant weapon II {unknown}
 j - a scroll of identify {unknown}
 m - a scroll of teleportation {unknown}
Potions
 e - a potion of porridge
Books
 c - a book of Maledictions

   Spells                             Type                      Level
   *Corona                            Hexes                        1
   Sure Blade                         Hexes/Charms                 2
   *Ensorcelled Hibernation           Hexes/Ice                    2
   Confuse                            Hexes                        3
   Enslavement                        Hexes                        4
   Invisibility                       Hexes                        6


   Skills:
 * Level 2.5 Short Blades
 - Level 1.1 Throwing
 - Level 3.0 Dodging
 * Level 4.2 Stealth
 + Level 2.9 Spellcasting
 + Level 4.0 Hexes


You had 4 spell levels left.
You knew the following spells:

 Your Spells              Type           Power        Failure   Level  Hunger
a - Corona                Hex            ###....      11%         1    #......
b - Ensorcelled Hibernat  Hex/Ice        ##....       26%         2    ##.....


Dungeon Overview and Level Annotations

Branches:
Dungeon (2/16)

Altars:


Innate Abilities, Weirdness & Mutations

You are tiny and cannot use many weapons and most armour.
You have supernaturally acute eyesight.
You are a herbivore.
You cover ground extremely quickly.
You need consume almost no food.
You are clumsy. (Dex -2)
You passively map a small area around you.
Your muscles are strong. (Str +2)
Space occasionally distorts in your vicinity.
Your spells are a little harder to cast, but a little more powerful.


Message History

You hit the adder.
The adder is poisoned.
The adder is moderately wounded.
The adder misses you. The adder bites you.
* * * LOW HITPOINT WARNING * * *
You are poisoned.
The adder poisons you!
Found 9 arrows.
The adder closely misses you.
Found 13 gold pieces.
You see here a dagger.
You hit the adder.
The adder is poisoned.
The adder is lightly wounded.
* * * LOW HITPOINT WARNING * * *
You feel sick.
You feel better. The adder bites you.
* * * LOW HITPOINT WARNING * * *
The adder bites you.
You die...

* ##$ * .(.# * #..#
, #..# * *,#..# , ,
#.)# * , #..# , , *
# #S.# ,* # #.#@.#
* # ,*
##.##.#.#S.###.#
....$..........####
,
#....###.....>....
###......###.###. ≈
, #......# , ..,
#......#, , ,* *
#####..# , , *
#######..###.#.*


You could see 2 adders.

Vanquished Creatures
  An adder (D:2)
  2 giant geckos
  A ball python (D:1)
  6 bats
  3 giant cockroaches (D:1)
  3 hobgoblins (D:1)
  4 jackals (D:1)
  4 kobolds
  2 giant newts (D:1)
  4 goblins
  6 rats
36 creatures vanquished.

Notes
Turn   | Place    | Note
--------------------------------------------------------------
     0 | D:1      | Kae, the Spriggan Enchanter, began the quest for the Orb.
     0 | D:1      | Reached XP level 1. HP: 9/9 MP: 4/4
   231 | D:1      | Reached XP level 2. HP: 13/13 MP: 5/7
   235 | D:1      | Learned a level 2 spell: Ensorcelled Hibernation
   316 | D:1      | Gained mutation: You passively map a small area around you. [potion of mutation]
   316 | D:1      | Gained mutation: You are clumsy. (Dex -2) [potion of mutation]
   317 | D:1      | Gained mutation: Your spells are a little harder to cast, but a little more powerful. [potion of mutation]
   803 | D:1      | Reached skill level 4 in Stealth
   830 | D:1      | Reached XP level 3. HP: 13/16 MP: 6/9
  1288 | D:2      | Gained mutation: Space occasionally distorts in your vicinity. [potion of mutation]
  1288 | D:2      | Gained mutation: Your muscles are strong. (Str +2) [potion of mutation]
  1319 | D:2      | Slain by an adder

Action                   || total
-------------------------++-------
Melee: Dagger            ||   130
 Cast: Corona            ||     3
       Ensorcelled Hiber ||     7
  Use: Potion            ||     4
 Stab: Sleeping          ||     9
